 Dungeon Crawl Stone Soup version 0.29.1-15-g9cfb28693d (webtiles) character file.

Game seed: 9764689412049968371

55 xSliceyx the Trooper (level 3, -1/36 HPs)
             Began as a Ghoul Fighter on Feb 23, 2023.
             Slain by Grinder (6 damage)
             ... on level 3 of the Dungeon.
             The game lasted 00:04:35 (1609 turns).

xSliceyx the Trooper (Ghoul Fighter)                Turns: 1609, Time: 00:04:35

Health: -1/36      AC:  7    Str: 21    XL:     3   Next: 93%
Magic:  2/2        EV:  9    Int:  3    God:
Gold:   94         SH:  4    Dex:  8    Spells: 2/2 levels left

rFire   . . .      SeeInvis .     - Unarmed
rCold   + . .      Faith    .   b - +0 buckler
rNeg    + + +      Spirit   .   a - +0 scale mail
rPois   ∞          Reflect  .   h - +0 helmet
rElec   .          Harm     .   (no cloak)
rCorr   .          Rampage  .   (no gloves)
Will    .....                   (no boots)
Stlth   ..........              (no amulet)
HPRegen 0.00/turn               (no ring)
MPRegen 0.08/turn               (no ring)

@: mighty, inhibited regen
A: claws 1, cold resistance 1, negative energy resistance 3, inhibited
regeneration, torment resistance 2, devour on kill
a: no special abilities


You were on level 3 of the Dungeon.
You visited 1 branch of the dungeon, and saw 3 of its levels.

You collected 94 gold pieces.

Inventory:

Armour
 a - a +0 scale mail (worn)
 b - a +0 buckler (worn)
 h - a +0 helmet (worn)
Wands
 m - a wand of iceblast (8)
Scrolls
 d - 2 scrolls of identify {unknown}
 e - a scroll of magic mapping {unknown}
 f - a scroll of noise {unknown}
 g - a scroll of teleportation {unknown}
 l - a scroll of poison {unknown}
Potions
 i - a potion of flight {unknown}
 j - 2 potions of degeneration {unknown}
 k - a potion of curing {unknown}


   Skills:
 - Level 5.0 Fighting
 + Level 3.0 Armour
 - Level 2.6 Shields
 - Level 2.1 Unarmed Combat


You had 2 spell levels left.
You didn't know any spells.
Your spell library was empty.

Dungeon Overview and Level Annotations

Branches:
Dungeon (3/15)

Altars:

Annotations:
D:3 Grinder


Innate Abilities, Weirdness & Mutations

You are immune to poison.
You have sharp fingernails.
Your flesh is cold resistant. (rC+)
You are immune to negative energy. (rN+++)
You do not regenerate when monsters are visible.
You are immune to unholy pain and torment.
You thrive by killing the living.


Message History

The bat barely misses you.
You scratch the bat.
The bat is severely wounded.
The bat hits you but does no damage.
You closely miss the bat.
The bat is severely wounded.
The bat hits you but does no damage.
You scratch the bat but do no damage.
The bat is severely wounded.
The bat barely misses you.
You scratch the bat.
You kill the bat!
Grinder zaps a wand.
The puff of flame hits you!
Your Armour skill increases to level 3!
You feel very mighty all of a sudden.
Grinder blinks!
You see here a bat corpse.
Grinder hits you.
You barely miss Grinder. You block Grinder's attack.
You closely miss Grinder.
Grinder blinks!
Grinder barely misses you.
You see here a bubbling silvery potion.
You scratch Grinder.
Grinder is lightly wounded.
Grinder hits you!
You closely miss Grinder.
Grinder is lightly wounded.
Grinder zaps a wand.
The puff of flame hits you.
* * * LOW HITPOINT WARNING * * *
You claw Grinder!
Grinder is moderately wounded.
Grinder hits you.
* * * LOW HITPOINT WARNING * * *
You barely miss Grinder.
Grinder is moderately wounded.
Grinder hits you but does no damage.
You claw Grinder!
Grinder is heavily wounded.
Grinder hits you.
You die...

....)...#. #
.......... .#
..#....... .#
.........# ..#
.........##..#
#...........##
#.....5..#...#
+.....@......+
#............#
....#.###.##..#
### #.# #.....#
#######.###.##..#
..........†.# .#
#######.###.# #
....#.......#
#.........#


You could see Grinder.

Vanquished Creatures
  An adder (D:2)
  3 endoplasms
  3 giant cockroaches
  4 hobgoblins
  3 jackals (D:1)
  4 kobolds
  3 quokkas
  3 ball pythons
  5 bats
  3 frilled lizards (D:2)
  6 goblins
  4 rats
42 creatures vanquished.

Notes
Turn   | Place    | Note
-------+----------+-------------------------------------------
     0 | D:1      | xSliceyx the Ghoul Fighter began the quest for the Orb.
     0 | D:1      | Reached XP level 1. HP: 19/19 MP: 0/0
   214 | D:1      | Reached XP level 2. HP: 27/27 MP: 1/1
   231 | D:1      | Reached skill level 4 in Fighting
   745 | D:1      | Reached XP level 3. HP: 34/34 MP: 2/2
  1509 | D:2      | Reached skill level 5 in Fighting
  1583 | D:3      | Noticed Grinder
  1609 | D:3      | Slain by Grinder

Illustrated notes

Levels and vault maps discovered:
D:1:      dpeg_arrival_shelter, layout_loops_corners, minmay_misc_feat_square
D:2:      layout_loops_cross
D:3:      minmay_chambers_of_twos, layout_basic,
          shapermc_ecumenical_altar_rom_forum, uniq_grinder

Skill      XL: |  1  2  3 |
---------------+----------+-----
Fighting       | 4 5 |  5.0
Armour         | 3 |  3.0
Shields        | |  2.6
Unarmed Combat | |  2.1

Action                   || total
-------------------------++-------
Melee: Unarmed           ||   143
  Use: Potion            ||     1
Armor: Scale mail        ||    71
Dodge: Dodged            ||    52
Block: Buckler           ||    23
